 Dungeon Sprint DCSS version 0.28-a0-793-g31680bbd8b (webtiles) character file.

Game seed: 13309893950936505660

18 rocky1 the Magician (level 2, -4/22 HPs)
             Began as a Djinni Fire Elementalist on Nov 5, 2021.
             Was a Believer of Makhleb.
             Killed by divine providence
             ... invoked by an orc priest
              (11 damage)
             ... in the Dungeon (Sprint VII: "The Pits").
             The game lasted 00:03:47 (417 turns).

rocky1 the Magician (Djinni Fire Elementalist)       Turns: 417, Time: 00:03:48

Health: -4/22      AC:  2    Str:  7    XL:     2   Next: 90%
Gold:   0          EV: 13    Int: 16    God:    Makhleb [**....] SH:  0 Dex: 13

rFire   + + .      SeeInvis .   k - +0 long sword (flame)
rCold   x . .      Faith    .   (no shield)
rNeg    . . .      Spirit   .   a - +0 robe
rPois   ∞          Reflect  .   (no helmet)
rElec   .          Harm     .   (no cloak)
rCorr   .          Rampage  .   (no gloves)
Will    .....      NoTele   +   (boots unavailable)
Stlth   ++........              (no amulet)
HPRegen 0.07/turn               (no ring)
MPRegen 0.00/turn               (no ring)

@: flying
A: sickness immunity, fire resistance 2, cold vulnerability 1, float, innate
caster, hp casting, extra vitality 1
a: Renounce Religion, Minor Destruction


You were in the Dungeon.
You worshipped Makhleb.
Makhleb was pleased with you.
You visited 1 branch

Inventory:

Hand Weapons
 i - a +2 dagger of protection
 k - a +0 long sword of flaming (weapon)
Armour
 a - a +0 robe (worn)
 j - a +3 chain mail
Scrolls
 f - a scroll of blinking
 h - a scroll of summoning
Potions
 b - 6 potions of curing
 c - 6 potions of heal wounds
 d - a potion of haste
 e - 3 potions of berserk rage
 g - 2 potions of invisibility


   Skills:
 + Level 1.0 Fighting
 - Level 0.8 Short Blades
 + Level 0.0(0.3) Long Blades
 + Level 0.0 Armour
 + Level 3.1 Dodging
 - Level 2.0 Stealth
 - Level 0.1 Unarmed Combat
 + Level 3.9 Spellcasting
 + Level 0.0 Invocations


You couldn't memorise any spells.
You knew the following spells:

 Your Spells              Type           Power      Damage    Failure   Level
a - Foxfire               Conj/Fire      60%        2x1d7     3%          1
b - Scorch                Fire           30%        2d6       4%          2
c - Conjure Flame         Conj/Fire      15%        6-21      10%         3
d - Inner Flame           Hex/Fire       15%        N/A       10%         3
e - Flame Wave            Conj/Fire      15%        3d5       32%         4
Your spell library was empty.

Dungeon Overview and Level Annotations

Branches:
Dungeon (1/1)

Altars:
Ashenzari
Cheibriados
Dithmenos
Elyvilon
Fedhas
Gozag
Hepliaklqana
Kikubaaqudgha
Makhleb
Nemelex Xobeh
Okawaru
Qazlal
Ru
Sif Muna
Trog
Uskayaw
Vehumet
Wu Jian
Xom
Yredelemnul
Zin
The Shining One
Beogh
Jiyva
Lugonu


Innate Abilities, Weirdness & Mutations

You are immune to sickness and miasma.
You are immune to poison.
Your flesh is very heat resistant. (rF++)
You are vulnerable to cold. (rC-)
You float through the air rather than walking.
You learn spells naturally, not from books.
Your magical power is your life essence.
You have superior vitality. (+4 HP)


Message History

Things that are here:
a +0 whip; 3 stones; a kobold corpse
There is an open door here.
You see here a giant cockroach corpse.
Casting: Foxfire (safe; 100% risk of failure)
Confirm with . or Enter, or press ? or * to list all spells.
Okay, then.
Unknown command.
You start removing your armour.
You continue taking off your +3 chain mail. x4
You finish taking off your +3 chain mail.
You start putting on your armour.
You continue putting on your +0 robe. x5
You finish putting on your +0 robe.
Unknown command.
There is an open door here.
There is an open door here.
You reach down and open the door.
There is an open door here.
You reach down and open the door.
An orc priest comes into view. It is wielding a +0 hand axe.
The orc priest shouts!
A rat comes into view.
The orc priest mumbles some strange prayers to Beogh against you.
Beogh smites you!
Ouch! That really hurt!
A sky beast comes into view.
The rat moves out of view.
You hear a shout!
You reach down and close the door.
You hear a shout!
An orc priest opens the door.
Casting: Foxfire (safe; 3% risk of failure)
Confirm with . or Enter, or press ? or * to list all spells.
You conjure some foxfire!
Your foxfire dissipates!
The foxfire hits the orc priest but does no damage.
The orc priest invokes the aid of Beogh against you.
Beogh smites you!
Ouch! That really hurt!
You die...

#_________.#
#_______...#######
##########'##.....
#.?(!')))'.##.....
##########.##.....
#...........')÷...
#'#####'#####.....
#.#.....#[.##.....
#@#.....#))#####'#
#.###'###).##.....
#§#.....#))##.....
#§#...†.#..##.....
#.####'##'###...<.
#o#...)....##.....
#.#.......†##.....
#'###########.....
#.. ######


You could see an orc priest.

Vanquished Creatures
  A river rat (D)
  An orc (D)
  A bat skeleton (D)
  A bat zombie (D)
  An endoplasm (D)
  A giant cockroach (D)
  A ball python (D)
  A kobold (D)
  A rat (D)
9 creatures vanquished.

Vanquished Creatures (others)
  22 foxfires (D)
22 creatures vanquished.

Grand Total: 31 creatures vanquished

Notes
Turn   | Place    | Note
-------+----------+-------------------------------------------
     0 | D        | rocky1 the Djinni Fire Elementalist began the quest for the
                  | Orb.
     0 | D        | Reached XP level 1. HP: 15/15 MP: 0/0
    22 | D        | Reached XP level 2. HP: 15/21 MP: 0/0
    29 | D        | Found a bloodstained altar of Trog.
    29 | D        | Found a viscous altar of Jiyva.
    29 | D        | Found a hazy altar of Hepliaklqana.
    29 | D        | Found an opulent altar of Gozag.
    30 | D        | Found a glowing golden altar of the Shining One.
    30 | D        | Found a glowing silver altar of Zin.
    30 | D        | Found a basalt altar of Yredelemnul.
    30 | D        | Found a shimmering altar of Xom.
    30 | D        | Found an ornate altar of the Wu Jian Council.
    30 | D        | Found a sacrificial altar of Ru.
    30 | D        | Found a stormy altar of Qazlal.
    30 | D        | Found an iron altar of Okawaru.
    30 | D        | Found a sparkling altar of Nemelex Xobeh.
    30 | D        | Found a burning altar of Makhleb.
    30 | D        | Found a blossoming altar of Fedhas.
    30 | D        | Found a white marble altar of Elyvilon.
    30 | D        | Found a shadowy altar of Dithmenos.
    30 | D        | Found a snail-covered altar of Cheibriados.
    32 | D        | Found a corrupted altar of Lugonu.
    33 | D        | Found a hide-covered altar of Uskayaw.
    33 | D        | Found a broken altar of Ashenzari.
    40 | D        | Became a worshipper of Makhleb the Destroyer
   203 | D        | Reached * piety under Makhleb
   327 | D        | Reached ** piety under Makhleb
   328 | D        | Reached skill level 1 in Fighting
   409 | D        | Noticed a sky beast
   417 | D        | Killed from afar by an orc priest

Illustrated notes

Levels and vault maps discovered:
D:        pitsprint [storerooms_1, entrance_room_1, metal_vault_1, armoury_3,
          mini_pit_1, grid_room_1, main_hall_1, silver_pit, the_coven_3,
          the_vestibule_1, steel_vault_4, golden_pit, hallway_of_sentries,
          crystal_vault_1, iron_vault_1, final_vault]

Skill      XL: |  1  2 |
---------------+-------+-----
Spellcasting   | 3 |  3.9
Dodging        | 3 |  3.1
Fighting       | 1 |  1.0
Stealth        | 2 |  2.0
Short Blades   | |  0.8
Unarmed Combat | |  0.1

Action                   || total
-------------------------++-------
Melee: Unarmed           ||     1
       Dagger            ||    16
 Cast: Foxfire           ||    14
 Stab: Sleeping          ||     2
Armor: Robe              ||     9
Dodge: Dodged            ||    20

Table legend: (Time is in decaauts)
 A = Elapsed time spent in this place.
 B = Non-inter-level travel time spent in this place.
 C = Inter-level travel time spent in this place.
 D = Time resting spent in this place.
 E = Time spent auto-exploring this place.
 F = Levels seen in this place.
 G = Mean time per level.
                   A        B        C        D        E       F      G
               +--------+--------+--------+--------+--------+-----+--------+
         Total |    415 |    415 |      0 |    166 |      0 |   1 |  415.0 |
       Dungeon |    415 |    415 |      0 |    166 |      0 |   1 |  415.0 |
               +--------+--------+--------+--------+--------+-----+--------+

Top non-repeatable levels by time:
       D: 415 daAuts
